cohdb
Replays
Latest Replays
All Replays
Popular Replays
Top Player Replays
Match Explorer
How It Works
Community
CoH3 Stats
Reddit
Sign in to upload your games and track your stats! →
Sign in with Steam
Match 42552283
Unlisted
Match 42552283
Overview
Messages
Build Orders
End
Construct Infanterie Kompanie
Kettenkrad Recon Vehicle
Grenadier Squad
Grenadier Squad
Grenadier Squad
Infanterie Officer Quarters
GrW 34 Mortar Team
Construct Panzergrenadier Kompanie
Panzergrenadier Squad
Selects Breakthrough Battlegroup
Selects Rapid Production
Pak 40 Anti-tank Gun Team
Panzergrenadier Squad
251 Medium Carrier
Pioneer Squad
Selects Blitzkrieg
Pak 40 Anti-tank Gun Team
Selects Assault Grenadiers
Selects Breakthrough
Breakthrough
Panzergrenadier Officer Quarters
Support Elements
Nebelwerfer 42 Rocket Launcher Team
Breakthrough
Construct Panzer Kompanie
Sturmpanzer IV Brummbär
Breakthrough
insane
吊锤石乐志
Kroma_11
JaimeMR30
Dreamerpython
Note33299
意如亦戊
ka_chow88
0
0
Comments
sign in to comment!
No comments posted yet!